 Dungeon Crawl Stone Soup version 0.17-a0-1479-g4041c36 (webtiles) character file.

56 mrath the Shooter (level 3, -1/19 HPs)
             Began as a Spriggan Hunter on July 4, 2015.
             Was an Initiate of Qazlal.
             Killed from afar by hexophile's ghost (5 damage)
             ... with a magic dart
             ... on level 3 of the Dungeon.
             The game lasted 00:23:26 (1668 turns).

mrath the Shooter (Spriggan Hunter)                 Turns: 1668, Time: 00:23:26

Health: -1/19      AC:  7    Str:  8    XL:     3   Next: 71%
Magic:  4/4        EV: 18    Int: 17    God:    Qazlal [......]
Gold:   148        SH:  0    Dex: 17    Spells: 0 memorised, 2 levels left

rFire  . . .     SeeInvis +     a - +2 shortbow
rCold  . . .     Clarity  .     d - +1 robe
rNeg   . . .     SustAt   .     (shield restricted)
rPois  .         Gourm    .     (helmet restricted)
rElec  .         Spirit   .     (no cloak)
rCorr  .         Warding  .     (gloves unavailable)
rMut   .         Stasis   .     (boots unavailable)
MR     .....                    (no amulet)
Stlth  ++........               (no ring)
                                (no ring)

@: brilliant, very quick, not resistant to hostile enchantments, unstealthy
A: unfitting armour, iridescent scales 1, see invisible, herbivore 3, speed 3,
robust 1, slow metabolism 2
a: Renounce Religion


You were on level 3 of the Dungeon.
You worshipped Qazlal.
Qazlal was noncommittal.
You were not hungry.

You visited 1 branch of the dungeon, and saw 4 of its levels.

You collected 148 gold pieces.

Inventory:

Hand weapons
 a - a +2 shortbow (weapon)
 h - a +1 short sword of draining
 k - a +0 hunting sling
 o - a cursed -1 dagger
 p - a +2 trident of distortion
 r - a +2 whip of venom
 s - a +1 dagger of pain
Missiles
 b - 38 arrows (quivered)
 f - 18 sling bullets
 g - 26 bolts
 i - 55 stones
 j - 11 poisoned needles
Armour
 d - a +1 robe (worn)
 u - a troll hide
Scrolls
 c - 5 scrolls of identify
 n - a scroll of recharging
Potions
 q - a potion of degeneration {unknown}
 t - a potion of might {unknown}
 v - a potion of haste
Comestibles
 e - a bread ration


   Skills:
 + Level 1.7 Fighting
 + Level 6.3 Bows
 + Level 3.3 Dodging
 + Level 1.5 Stealth


You had 2 spell levels left.
You didn't know any spells.

Dungeon Overview and Level Annotations

Branches:
Dungeon (4/15)
 Temple: D:4-7

Altars:
Okawaru
Qazlal
Trog

Annotations:
D:3 hexophile's ghost, average NaWz


Innate Abilities, Weirdness & Mutations

You are tiny and cannot use many weapons and most armour.
You have supernaturally acute eyesight.
You are a herbivore.
You cover ground extremely quickly.
You need consume almost no food.
You are partially covered in iridescent scales (AC +4).
You are robust (+10% HP).


Message History

You shoot an arrow. The arrow hits hexophile's ghost.
Hexophile's ghost is heavily damaged.
Firing (i - inventory. (,) - cycle):
b - 39 arrows (quivered)
Press: ? - help, Shift-Dir - straight line, f/p - hexophile's ghost
Aim: hexophile's ghost, wielding a weapon of speed (heavily damaged)
You shoot an arrow. The arrow hits hexophile's ghost.
Hexophile's ghost is heavily damaged.
Hexophile's ghost casts a spell at you. The magic dart hits you!
* * * LOW HITPOINT WARNING * * *
Drink which item? (? for menu, Esc to quit)
It was a potion of mutation.
You feel extremely strange.
You feel robust.
Iridescent scales grow over part of your body.
Drink which item? (? for menu, Esc to quit)
It was a potion of brilliance.
You feel clever all of a sudden.
Hexophile's ghost points at you and mumbles some strange words.
The magic dart hits you!
You die...

#...... ....(# .....
..(# ..# #(# #(#
#.#####W### .......@..#
.#
#.#####.#.#####.###.##
#...................
#####...##.##.###.##
.........##.#........ .
.........##.#..#...##.#
..####............... .
#...##.#..#...# #
........#..#...##..


You could see hexophile's ghost.

Vanquished Creatures
  3 adders (D:2)
  A worm (D:4)
  A giant gecko (D:2)
  A giant cockroach (D:2)
  3 hobgoblins
  A quokka (D:2)
  2 ball pythons
  3 bats
  7 giant newts
  3 goblins (D:2)
  4 kobolds
  3 rats
32 creatures vanquished.

Notes
Turn   | Place    | Note
--------------------------------------------------------------
     0 | D:1      | mrath the Spriggan Hunter began the quest for the Orb.
     0 | D:1      | Reached XP level 1. HP: 10/10 MP: 2/2
   200 | D:1      | Reached skill level 5 in Bows
   757 | D:2      | Reached XP level 2. HP: 7/14 MP: 3/3
   919 | D:2      | Reached XP level 3. HP: 18/18 MP: 4/4
   968 | D:2      | Found an iron altar of Okawaru.
  1029 | D:2      | You fall through a shaft for 2 floors!
  1032 | D:4      | Reached skill level 6 in Bows
  1054 | D:4      | Found a bloodstained altar of Trog.
  1431 | D:2      | Found a stormy altar of Qazlal.
  1440 | D:2      | Became a worshipper of Qazlal Stormbringer
  1653 | D:3      | Noticed hexophile's ghost (average NaWz)
  1667 | D:3      | Gained mutation: You are robust (+10% HP). [potion of mutation]
  1667 | D:3      | Gained mutation: You are partially covered in iridescent scales (AC +4). [potion of mutation]
  1668 | D:3      | Killed from afar by hexophile's ghost

Vault maps used:
D:1:      wheals_arrival_linesprint, hex_intersection, minmay_cupped
D:2:      okawaru_trees_1, nicolae_qazlal_eye_of_the_storm
D:3:      zin_academy, ecumenical_altar_1, st_stairs_5,
          grunt_decor_mini_mirrors, nicolae_ru_the_path_less_chosen
D:4:      overflow_temple_1_default, lemuel_crystal_altar,
          minmay_temple_entry_from_below_b, serial_glass, glass_columns_a,
          glass_columns_b, uniq_natasha

Action                   || total
-------------------------++-------
Melee: Short sword       ||    19
 Fire: Shortbow          ||    63
Throw: Stone             ||     1
  Use: Scroll            ||     7
       Potion            ||     5
